 Dungeon Crawl Stone Soup version 0.21-a0-70-g32e1473 (webtiles) character file.

37 Monsterracer the Scratcher (level 3, 15/15 HPs)
             Began as a Felid Transmuter on June 18, 2017.
             Quit the game on level 3 of the Dungeon.
             The game lasted 00:08:53 (2300 turns).

Monsterracer the Scratcher (Felid Transmuter)       Turns: 2300, Time: 00:08:54

Health: 15/15      AC:  1    Str:  6    XL:     3   Next: 23%
Magic:  7/7        EV: 18    Int: 15    God:
Gold:   81         SH:  0    Dex: 16    Spells: 0/6 levels left
                                        Lives:  0   Deaths: 1

rFire    + . .     SeeInvis +     - Unarmed
rCold    . . .     Gourm    .   (shield unavailable)
rNeg     . . .     Faith    .   (armour unavailable)
rPois    .         Spirit   .   (helmet unavailable)
rElec    .         Reflect  .   (cloak unavailable)
rCorr    .         Harm     .   (gloves unavailable)
MR       .....                  (boots unavailable)
Stlth    ++........             (no amulet)
HPRegen  0.05/turn              k - ring of protection from fire
MPRegen  0.10/turn              (no ring)

@: quick
A: no armour, no weapons or thrown items, stealth, claws 1, fangs 3, see
invisible, carnivore 3, speed 1, shaggy fur 1, slow metabolism 1, sharp paws
a: no special abilities


You were on level 3 of the Dungeon.
You were not hungry.

You visited 1 branch of the dungeon, and saw 3 of its levels.

You collected 81 gold pieces.

Inventory:

Missiles
 a - 37 arrows
Jewellery
 k - a ring of protection from fire (left paw)
Scrolls
 d - a scroll of enchant armour {unknown}
 e - 5 scrolls of identify
 g - 3 scrolls of remove curse {unknown}
 h - a scroll of recharging {unknown}
 i - 2 scrolls of blinking
 j - a scroll of enchant weapon {unknown}
Books
 b - a book of Changes

   Spells                             Type                      Level
   a - Beastly Appendage              Transmutation                1
   b - Sticks to Snakes               Transmutation                2
   c - Spider Form                    Transmutation/Poison         3
   d - Ice Form                       Ice/Transmutation            4
   e - Blade Hands                    Transmutation                5
Comestibles
 c - 2 meat rations
 f - 4 royal jellies


   Skills:
 - Level 1.0 Fighting
 - Level 2.6 Dodging
 + Level 5.1 Unarmed Combat
 - Level 2.0 Spellcasting
 - Level 2.1 Transmutations


You couldn't memorise any spells.
You knew the following spells:

 Your Spells              Type           Power        Failure   Level  Hunger
a - Beastly Appendage     Tmut           #.....       9%          1    #......
b - Sticks to Snakes      Tmut           #.......     14%         2    ###....
c - Spider Form           Tmut/Pois      #.........   38%         3    ###....


Dungeon Overview and Level Annotations

Branches:
Dungeon (3/15)

Altars:
Ashenzari


Innate Abilities, Weirdness & Mutations

You cannot wear armour.
You are incapable of wielding weapons or throwing items.
Your paws allow you to move quietly. (Stealth)
You have sharp claws.
You have razor-sharp teeth.
You have supernaturally acute eyesight. (SInv)
You are carnivorous and can eat meat at any time.
You cover ground quickly.
You are covered in fur. (AC +1)
You have a slow metabolism.
Your sharp claws are effective at attacking unaware monsters.


Message History

The adder is almost dead.
* * * LOW HITPOINT WARNING * * *
You feel sick. The adder bites you.
* * * LOW HITPOINT WARNING * * *
You scratch the adder but do no damage. Your claw misses the adder.
The adder is almost dead.
The adder completely misses you.
You closely miss the adder.
The adder is almost dead.
* * * LOW HITPOINT WARNING * * *
You feel sick. The adder closely misses you.
You claw the adder!
You kill the adder!
You see here an adder corpse.
You die...
You feel sick.
You are now level 3!
You rejoin the land of the living...
Found 18 gold pieces.
Are you sure you want to abandon this character and quit the game? (Confirm with "yes".)

#..≈≈≈≈≈≈≈
≈≈≈._.≈
≈≈≈...≈ ≈≈≈≈
###########
#.........#
#.........#
#.....@...#
#....$....#
#.........#
#.........#
...........#
............
...........##
...........#


There were no monsters in sight!

Vanquished Creatures
  Robin (D:3)
  An adder (D:3)
  An ooze (D:1)
  A worm (D:2)
  3 giant cockroaches (D:1)
  13 goblins
  5 hobgoblins
  6 jackals (D:1)
  3 kobolds
  A quokka (D:2)
  A ball python (D:2)
  6 bats
  A frilled lizard (D:1)
  9 rats
52 creatures vanquished.

Notes
Turn   | Place    | Note
-------+----------+-------------------------------------------
     0 | D:1      | Monsterracer the Felid Transmuter began the quest for the Orb.
     0 | D:1      | Reached XP level 1. HP: 9/9 MP: 4/4
    77 | D:1      | Reached XP level 2. HP: 5/12 MP: 6/6
   369 | D:1      | Reached skill level 4 in Unarmed Combat
   475 | D:1      | Learned a level 2 spell: Sticks to Snakes
   535 | D:1      | Reached XP level 3. HP: 12/15 MP: 7/7
   540 | D:1      | Learned a level 3 spell: Spider Form
   895 | D:2      | Found a shattered altar of Ashenzari.
  1350 | D:3      | Found a faded altar of an unknown god.
  1353 | D:3      | Noticed Robin
  2244 | D:3      | Killed Robin
  2244 | D:3      | Reached skill level 5 in Unarmed Combat
  2244 | D:3      | Reached XP level 4. HP: 10/19 MP: 8/8
  2299 | D:3      | Succumbed to an adder's poison
  2300 | D:3      | Reached XP level 3. HP: 0/15 MP: 7/7
  2300 | D:3      | Quit the game

Vault maps used:
D:1:      dpeg_arrival_boxes_within_box
D:2:      lemuel_round_altar, gammafunk_temple_overflow_wave
D:3:      overflow_temple_1_default, chequers_ecumenical_altar_island,
          uniq_robin

Skill      XL: |  1  2  3 |
---------------+----------+-----
Unarmed Combat | 4 5 |  5.1
Fighting       | |  1.0
Dodging        | |  2.6
Spellcasting   | |  2.0
Transmutations | |  2.1

Action                   |  1- 3 |  4- 6 || total
-------------------------+-------+-------++-------
Melee: Unarmed           |   151 |    10 ||   161
       Headbutt          |     2 |       ||     2
       Bite              |     9 |       ||     9
 Cast: Beastly Appendage |     1 |       ||     1
  Use: Potion            |     1 |       ||     1
       Scroll            |     1 |       ||     1
 Stab: Sleeping          |    11 |       ||    11
  Eat: Chunk             |     9 |     1 ||    10
Armor: Skin              |    15 |       ||    15
Dodge: Dodged            |   117 |     8 ||   125
